 Dungeon Crawl Stone Soup version 0.20.1-1-g8b1a95d (webtiles) character file.

3331 Lorindel the Magician (level 9, 0/51 HPs)
             Began as a Deep Elf Wizard on July 21, 2017.
             Was a Priest of Sif Muna.
             Slain by a seven-headed hydra (8 damage)
             ... on level 8 of the Dungeon.
             The game lasted 01:30:27 (8650 turns).

Lorindel the Magician (Deep Elf Wizard)             Turns: 8650, Time: 01:30:28

Health: 0/51       AC:  9    Str:  4    XL:     9   Next: 71%
Magic:  7/21       EV: 15    Int: 34    God:    Sif Muna [***...]
Gold:   396        SH:  0    Dex: 15    Spells: 9/22 levels left

rFire    . . .     SeeInvis .   D - +5 falchion of Ruination {drain, Int+7 Stlth-}
rCold    . . .     Gourm    .   (no shield)
rNeg     . . .     Faith    .   t - +0 robe
rPois    .         Spirit   .   b - +0 hat
rElec    .         Reflect  .   h - +1 cloak
rCorr    .         Harm     .   (no gloves)
MR       .....                  (no boots)
Stlth    ++........             (no amulet)
Regen    0.2/turn               f - +5 ring of protection
MPRegen  0.2/turn               C - +2 ring of dexterity

@: no status effects
A: no striking features
a: Divine Energy, Channel Magic, Renounce Religion


You were on level 8 of the Dungeon.
You worshipped Sif Muna.
Sif Muna was most pleased with you.
You were not hungry.

You visited 1 branch of the dungeon, and saw 8 of its levels.
You also visited: Ossuary.

You collected 396 gold pieces.

Inventory:

Hand Weapons
 i - a +2 dagger of venom
 p - a +2 dire flail of crushing
 s - a +0 scythe
 x - a +0 quarterstaff
 D - the +5 falchion of Ruination (weapon) {drain, Int+7 Stlth-}
   (You found it on level 5 of the Dungeon)

   A truly terrible weapon, it drains the life of those it strikes.
   It affects your intelligence (+7).
   It makes you less stealthy.
 G - a +0 shortbow
 L - a +2 whip of holy wrath
Missiles
 e - 165 stones (quivered)
 l - 123 arrows
Armour
 b - a +0 hat (worn)
 h - a +1 cloak (worn)
 t - a +0 robe (worn)
Jewellery
 f - a +5 ring of protection (left hand)
 B - an uncursed ring of stealth
 C - a +2 ring of dexterity (right hand)
Wands
 F - a wand of digging (6/24)
Scrolls
 j - 3 scrolls of identify
 k - 3 scrolls of immolation
 y - 3 scrolls of teleportation
 E - a scroll of enchant weapon
 K - a scroll of enchant armour
Potions
 a - a potion of might
 m - a potion of invisibility
 n - a potion of flight
 q - a potion of berserk rage
 r - 2 potions of agility
 u - a potion of mutation
 v - 3 potions of curing
 z - a potion of haste
 A - a potion of resistance
 H - a potion of brilliance
 I - a potion of heal wounds
 J - 3 potions of lignification
Books
 c - a book of Minor Magic

   Spells                             Type                      Level
   a - Magic Dart                     Conjuration                  1
   b - Blink                          Translocation                2
   c - Call Imp                       Summoning                    2
   d - Slow                           Hexes                        2
   e - Conjure Flame                  Conjuration/Fire             3
   f - Mephitic Cloud                 Conjuration/Poison/Air       3
Comestibles
 d - 8 bread rations
 g - 2 meat rations
 o - 8 royal jellies
 w - 15 fruits
 P - 10 chunks of flesh


   Skills:
 + Level 3.3 Fighting
 + Level 2.2 Long Blades
 + Level 5.5 Dodging
 + Level 5.5 Stealth
 + Level 7.2 Spellcasting
 + Level 3.9 Conjurations
 + Level 4.7 Hexes
 + Level 4.3 Summonings
 + Level 4.6 Translocations
 + Level 3.9 Fire Magic
 + Level 2.7 Air Magic
 + Level 3.2 Poison Magic
 + Level 2.6 Invocations
 + Level 2.7 Evocations


You had 9 spell levels left.
You knew the following spells:

 Your Spells              Type           Power        Failure   Level  Hunger
a - Magic Dart            Conj           ####         1%          1    None
b - Call Imp              Summ           #####...     1%          2    None
c - Slow                  Hex            #####...     1%          2    None
d - Blink                 Tloc           N/A          1%          2    None
e - Mephitic Cloud        Conj/Pois/Air  ####....     2%          3    None
f - Conjure Flame         Conj/Fire      #####...     1%          3    None


Dungeon Overview and Level Annotations

Branches:
Dungeon (8/15)             Temple (0/1) D:4
   Lair: D:8-11

Altars:
Kikubaaqudgha
Nemelex Xobeh
Ru
Sif Muna

Shops:
D:4 *


Message History

The five-headed hydra barely misses you.
You lop one of the five-headed hydra's heads off!
The four-headed hydra grows two more!
You hit the six-headed hydra.
The six-headed hydra is severely wounded.
The six-headed hydra is no longer moving slowly.
The big kobold is engulfed in noxious fumes.
Your white imp gestures at the six-headed hydra.
The puff of frost hits the six-headed hydra.
The big kobold is engulfed in noxious fumes.
You chop one of the six-headed hydra's heads off!
The five-headed hydra grows two more!
You hit the seven-headed hydra.
The seven-headed hydra is almost dead.
The seven-headed hydra barely misses you.
You riposte.
You slash the seven-headed hydra!
The seven-headed hydra is almost dead.
The seven-headed hydra bites you.
* * * LOW HITPOINT WARNING * * *
The seven-headed hydra bites you but does no damage.
The seven-headed hydra bites you!
You die...

.....#.....#
.....##'####
.....##.#
.##..##.##########
.##........#PP≈P.'
.##.###.####P≈)≈≈#
.##.#
#....#≈.P≈P##+#
.##.#
####.#.....#..#
.##.# #.)≈...@§§§#
....# ###..P.÷D§§#
##### #≈....5§K#
#.....#..#
##########


You could see a seven-headed hydra, a big kobold (confused) and a friendly white
imp.

Vanquished Creatures
  2 yaks (D:8)
  An orc warrior (D:6)
  A sky beast (D:6)
  An ice beast (D:6)
  4 centaurs
  A big kobold (D:8)
  2 bullfrogs
  3 scorpions
  4 killer bees
  5 wights (D:8)
  4 crimson imps
  A centaur zombie (Ossuary)
  4 hounds
  A jelly (D:6)
  An orc wizard (D:7)
  Terence (D:2)
  7 worker ants
  A mummy (Ossuary)
  5 gnolls (D:7)
  10 adders
  2 oozes
  An adder zombie (Ossuary)
  3 worms (D:3)
  2 dart slugs
  9 leopard geckos
  12 orcs
  13 bats
  2 giant cockroaches
  4 hobgoblins
  3 jackals
  4 quokkas
  2 ball pythons
  4 frilled lizards
  5 goblins
  2 goblin zombies (Ossuary)
  6 hobgoblin zombies (Ossuary)
  15 kobolds
  3 kobold zombies (Ossuary)
  A leopard gecko skeleton (D:6)
  4 orc zombies (Ossuary)
  2 quokka skeletons
  11 rats
  A rat zombie (Ossuary)
170 creatures vanquished.

Vanquished Creatures (collateral kills)
  2 dream sheep (D:8)
  Sigmund (D:2)
  The ghost of ThePrince the Firebug, an amateur DrFE (D:3)
  An orc warrior (D:8)
  A phantom (D:7)
  A necrophage (D:3)
  An elf zombie (Ossuary)
  3 big kobolds
  A bullfrog (D:7)
  A scorpion (D:8)
  6 killer bees
  2 crimson imps (D:8)
  A centaur zombie (Ossuary)
  A bullfrog zombie (D:7)
  A centaur skeleton (D:4)
  A hound (D:7)
  2 human zombies (Ossuary)
  3 orc wizards
  Jessica (D:3)
  A worker ant (D:4)
  A mummy (Ossuary)
  6 gnolls
  A leopard gecko (D:3)
  10 orcs
  A giant cockroach (D:1)
  2 goblins (D:3)
  A hobgoblin (D:1)
  5 kobolds
  A ball python (D:4)
  A bat (D:2)
  A frilled lizard (D:3)
  4 hobgoblin zombies (Ossuary)
  A jackal zombie (Ossuary)
  3 kobold zombies (Ossuary)
  7 orc zombies (Ossuary)
  A rat (D:1)
78 creatures vanquished.

Grand Total: 248 creatures vanquished

Notes
Turn   | Place    | Note
-------+----------+-------------------------------------------
     0 | D:1      | Lorindel the Deep Elf Wizard began the quest for the Orb.
     0 | D:1      | Reached XP level 1. HP: 10/10 MP: 7/7
   224 | D:1      | Reached XP level 2. HP: 15/15 MP: 0/9
   233 | D:1      | Learned a level 2 spell: Call Imp
   236 | D:1      | Learned a level 2 spell: Slow
   239 | D:1      | Learned a level 2 spell: Blink
  1077 | D:2      | Reached skill level 5 in Spellcasting
  1110 | D:2      | Reached XP level 3. HP: 19/19 MP: 11/11
  1727 | D:2      | Reached XP level 4. HP: 24/24 MP: 13/13
  1777 | D:2      | Noticed Sigmund
  1860 | D:2      | Killed Sigmund
  1860 | D:2      | Reached skill level 1 in Hexes
  1860 | D:2      | Reached XP level 5. HP: 15/28 MP: 5/15
  1865 | D:2      | Learned a level 3 spell: Mephitic Cloud
  1870 | D:2      | Learned a level 3 spell: Conjure Flame
  2001 | D:2      | Reached skill level 1 in Fighting
  2076 | D:2      | Noticed Terence
  2096 | D:2      | Killed Terence
  2360 | D:3      | Noticed a necrophage
  2368 | D:3      | Killed a necrophage
  2596 | D:3      | Reached skill level 1 in Fire Magic
  2596 | D:3      | Reached skill level 1 in Air Magic
  2663 | D:3      | Reached XP level 6. HP: 20/34 MP: 14/16
  3087 | D:3      | Reached skill level 6 in Spellcasting
  3104 | D:3      | Noticed ThePrince's ghost (amateur DrFE)
  3176 | D:3      | Killed ThePrince's ghost
  3639 | D:3      | Noticed Jessica
  3647 | D:3      | Killed Jessica
  3654 | D:3      | Found a deep blue altar of Sif Muna.
  3662 | D:3      | Became a worshipper of Sif Muna the Loreminder
  3992 | D:4      | Reached XP level 7. HP: 38/38 MP: 10/18
  4006 | D:4      | Found Muotashreu's Elemental Accessories.
  4521 | D:4      | Found a staircase to the Ecumenical Temple.
  4641 | D:4      | Reached skill level 1 in Poison Magic
  4768 | D:5      | Entered Level 5 of the Dungeon
  4917 | D:5      | Got a scorched falchion
  5013 | D:5      | Identified the +5 falchion of Ruination {drain, Int+7 Stlth-} (You found it on level 5 of the Dungeon)
  5060 | D:5      | Reached * piety under Sif Muna
  5102 | D:5      | Found a sacrificial altar of Ru.
  5103 | D:5      | Found an ancient bone altar of Kikubaaqudgha.
  5546 | D:6      | Reached skill level 1 in Invocations
  5546 | D:6      | Reached XP level 8. HP: 44/44 MP: 11/20
  5647 | D:6      | Reached skill level 1 in Long Blades
  5647 | D:6      | Reached skill level 1 in Evocations
  5997 | D:6      | Found a sparkling altar of Nemelex Xobeh.
  6662 | D:7      | Found a sand-covered staircase.
  6714 | Ossuary  | Entered an ossuary
  7263 | D:7      | Reached ** piety under Sif Muna
  7266 | D:7      | Reached XP level 9. HP: 39/49 MP: 17/21
  7306 | D:7      | Reached skill level 5 in Dodging
  8020 | D:8      | Reached skill level 5 in Stealth
  8147 | D:8      | Reached skill level 7 in Spellcasting
  8587 | D:8      | Reached *** piety under Sif Muna
  8636 | D:8      | Noticed a three-headed hydra
  8650 | D:8      | Slain by a seven-headed hydra

Skill      XL: |  1  2  3  4  5  6  7  8  9 |
---------------+----------------------------+-----
Spellcasting   | 5 6 7 |  7.2
Dodging        | 3 4 5 |  5.5
Stealth        | 3 4 5 |  5.5
Hexes          | 1 2 4 |  4.7
Summonings     | 2 3 4 |  4.3
Translocations | 2 3 4 |  4.6
Fighting       | 1 2 3 |  3.3
Conjurations   | 2 3 |  3.9
Fire Magic     | 1 2 3 |  3.9
Air Magic      | 1 2 |  2.7
Poison Magic   | 1 2 3 |  3.2
Invocations    | 1 2 |  2.6
Long Blades    | 1 2 |  2.2
Evocations     | 1 2 |  2.7

Action                   |  1- 3 |  4- 6 |  7- 9 || total
-------------------------+-------+-------+-------++-------
Melee: Unarmed           |     5 |       |       ||     5
       Club              |    14 |       |       ||    14
       Dagger            |    64 |   126 |    49 ||   239
       Falchion          |       |       |   234 ||   234
 Cast: Magic Dart        |    37 |    19 |    33 ||    89
       Call Imp          |     6 |    36 |    87 ||   129
       Blink             |     2 |     1 |     5 ||     8
       Slow              |     1 |     7 |    20 ||    28
       Mephitic Cloud    |       |     2 |    11 ||    13
       Conjure Flame     |       |       |    14 ||    14
  Use: Scroll            |     5 |     5 |    15 ||    25
       Potion            |       |       |     1 ||     1
 Stab: Sleeping          |     3 |     3 |     6 ||    12
       Confused          |       |       |     4 ||     4
  Eat: Chunk             |     3 |     2 |    11 ||    16
       Meat ration       |       |     1 |       ||     1
       Fruit             |       |       |     4 ||     4
Armor: Robe              |    36 |    45 |    94 ||   175
Dodge: Dodged            |    72 |    86 |   212 ||   370
       Rpst.: Falchion   |       |       |    59 ||    59
